 Dungeon Crawl Stone Soup version 0.16.1-2-g95b8d4c (webtiles) character file.

172 ImaNewbie the Magician (level 5, -7/24 HPs)
             Began as a Spriggan Enchanter on Mar 24, 2015.
             Mangled by ImaNewbie's ghost (14 damage)
             ... on level 4 of the Dungeon.
             The game lasted 00:15:30 (3383 turns).

ImaNewbie the Magician (Spriggan Enchanter)         Turns: 3383, Time: 00:15:30

Health: -7/24      AC:  6    Str:  4    XL:     5   Next: 27%
Magic:  19/19      EV: 18    Int: 16    God:
Gold:   134        SH:  0    Dex: 16    Spells: 2 memorised, 11 levels left

rFire  . . .     SeeInvis +     a - +2 dagger
rCold  . . .     Clarity  .     b - +1 robe
rNeg   . . .     SustAb   .     (shield restricted)
rPois  .         Gourm    .     (helmet restricted)
rElec  .         Spirit   .     r - +2 cloak {+Inv}
rCorr  .         Warding  .     (gloves unavailable)
rMut   .         Stasis   .     (boots unavailable)
MR     .....                    (no amulet)
Stlth  +++.......               (no ring)
                                (no ring)

@: very quick, not resistant to hostile enchantments, fairly stealthy
A: unfitting armour, fangs 1, see invisible, clumsy 1, herbivore 3, speed 3,
sense surroundings 1, slow metabolism 2
a: Evoke Invisibility


You were on level 4 of the Dungeon.
You were hungry.

You visited 1 branch of the dungeon, and saw 4 of its levels.

You collected 134 gold pieces.

Inventory:

Hand weapons
 a - a +2 dagger (weapon)
Missiles
 m - 4 curare-tipped needles
Armour
 b - a +1 robe (worn)
 r - a +2 cloak of invisibility (worn)
Scrolls
 e - a scroll of teleportation
 f - a scroll of fear
 g - a scroll of recharging
 h - a scroll of enchant weapon
 i - 3 scrolls of remove curse
 t - 2 scrolls of enchant armour
Potions
 k - a potion of restore abilities
 n - a potion of curing
Books
 c - a book of Maledictions

   Spells                             Type                      Level
   a - Corona                         Hexes                        1
   b - Sure Blade                     Hexes/Charms                 2
   c - Ensorcelled Hibernation        Hexes/Ice                    2
   d - Confuse                        Hexes                        3
   e - Dazzling Spray                 Conjuration/Hexes            3
   f - Enslavement                    Hexes                        4
Comestibles
 d - 3 bread rations


   Skills:
 + Level 1.3 Short Blades
 + Level 3.3 Dodging
 * Level 5.0 Stealth
 - Level 5.2 Spellcasting
 - Level 5.0 Hexes


You had 11 spell levels left.
You knew the following spells:

 Your Spells              Type           Power        Failure   Level  Hunger
a - Corona                Hex            ###....      1%          1    None
b - Ensorcelled Hibernat  Hex/Ice        ##....       10%         2    #......


Dungeon Overview and Level Annotations

Branches:
Dungeon (4/15)
 Temple: D:4-7

Altars:
Ashenzari
Okawaru
Qazlal
Trog

Annotations:
D:4 ImaNewbie's ghost, average SpEn


Innate Abilities, Weirdness & Mutations

You are tiny and cannot use many weapons and most armour.
You have supernaturally acute eyesight.
You are a herbivore.
You cover ground extremely quickly.
You need consume almost no food.
You have very sharp teeth.
You are clumsy. (Dex -2)
You passively map a small area around you.


Message History

ImaNewbie's ghost completely misses you.
You barely miss ImaNewbie's ghost.
ImaNewbie's ghost is lightly damaged.
You are feeling hungry.
ImaNewbie's ghost gestures at you while chanting.
You fall asleep.
ImaNewbie's ghost completely misses you.
ImaNewbie's ghost hits you!
You wake up.
ImaNewbie's ghost points at you and mumbles some strange words.
You fall asleep.
ImaNewbie's ghost hits you.
You wake up.
* * * LOW HITPOINT WARNING * * *
ImaNewbie's ghost casts a spell at you.
You fall asleep.
ImaNewbie's ghost whispers, "It is all a dream - a grotesque and foolish dream."
ImaNewbie's ghost hits you but does no damage.
ImaNewbie's ghost closely misses you. ImaNewbie's ghost hits you!
You wake up.
Ouch! That really hurt!
You die...

. . #...# .. , , , , ....
+...#... , ..... #...#.., *
.....,#...'. , , ...,#...#*##+###
* ' *#'##...###....# , ,
#.............+, , ,, .
#.............# , ,
.,,.....#......W@.....#, ,, .
......'.......##....# ,,
##+######.......###'### ,
##.....##'########....+, ,
##.....##.......##....# ,
.#......#.............######+##
.'......#.......##+####.......#
.#......'.......#.............+,
##.....##.......+..?..........#+#


You could see ImaNewbie's ghost.

Vanquished Creatures
  Crazy Yiuf (D:2)
  An orc wizard (D:4)
  An iguana (D:3)
  An adder (D:4)
  4 worms
  4 orcs
  6 bats
  5 giant cockroaches
  7 goblins
  5 hobgoblins
  4 jackals (D:3)
  2 quokkas (D:3)
  A ball python (D:3)
  4 giant newts
  7 kobolds
  8 rats
61 creatures vanquished.

Notes
Turn   | Place    | Note
--------------------------------------------------------------
     0 | D:1      | ImaNewbie, the Spriggan Enchanter, began the quest for the Orb.
     0 | D:1      | Reached XP level 1. HP: 9/9 MP: 4/4
   262 | D:1      | Reached XP level 2. HP: 13/13 MP: 8/8
   641 | D:1      | Learned a level 2 spell: Ensorcelled Hibernation
  1363 | D:2      | Noticed Crazy Yiuf
  1367 | D:2      | Killed Crazy Yiuf
  1367 | D:2      | Reached XP level 3. HP: 16/16 MP: 8/12
  1428 | D:2      | Found a bloodstained altar of Trog.
  1428 | D:2      | Found an iron altar of Okawaru.
  1565 | D:2      | Found a shattered altar of Ashenzari.
  1928 | D:3      | Reached XP level 4. HP: 21/21 MP: 11/15
  1945 | D:3      | Found a stormy altar of Qazlal.
  2098 | D:3      | Reached skill level 5 in Hexes
  2450 | D:3      | Gained mutation: You are clumsy. (Dex -2) [potion of mutation]
  2450 | D:3      | Gained mutation: You passively map a small area around you. [potion of mutation]
  2450 | D:3      | Gained mutation: You have very sharp teeth. [potion of mutation]
  2986 | D:3      | Reached skill level 5 in Spellcasting
  3285 | D:4      | Reached XP level 5. HP: 19/24 MP: 19/19
  3308 | D:4      | Reached skill level 5 in Stealth
  3359 | D:4      | Noticed ImaNewbie's ghost (average SpEn)
  3383 | D:4      | Mangled by ImaNewbie's ghost

Action                   |  1- 3 |  4- 6 || total
-------------------------+-------+-------++-------
Melee: Dagger            |   122 |   123 ||   245
 Cast: Ensorcelled Hiber |     3 |     4 ||     7
  Use: Scroll            |       |    11 ||    11
       Potion            |       |     5 ||     5
 Stab: Sleeping          |     6 |     7 ||    13
